 Dungeon Crawl Stone Soup version 0.31.0-11-ge490571c62 (webtiles) character file.

Game seed: 5232541617741433458

18349 qw the Skirmisher (level 12, -7/60 HPs)
             Began as a Spriggan Hunter on Feb 3, 2024.
             Was a High Priest of Okawaru.
             Mangled by a komodo dragon (23 damage)
             ... on level 1 of the Lair of Beasts.
             The game lasted 00:00:48 (8672 turns).

qw the Skirmisher (Spriggan Hunter)                 Turns: 8672, Time: 00:00:48

Health: -7/60      AC:  8    Str:  7    XL:     12   Next: 26%
Magic:  20/20      EV: 28    Int: 11    God:    Okawaru [*****.]
Gold:   372        SH:  5    Dex: 23    Spells: 11/11 levels left

rFire   + + .        p - +0 arbalest (heavy)
rCold   . . .        (shield currently unavailable)
rNeg    . . .        b - +0 troll leather armour
rPois   +            (helmet restricted)
rElec   .            s - +2 cloak
rCorr   +            (gloves unavailable)
SInv    +            (boots unavailable)
Will    ++++.        l - amulet of reflection
Stlth   ++           d - ring of resist corrosion
HPRegen 0.00/turn    t - ring of protection from fire
MPRegen 0.17/turn

%: reflection
@: inhibited regen, very quick
A: very small, no large weapons, unfitting armour, see invisible, speed 3,
iridescent scales 1, fire resistance 1, strong-willed 2, poison resistance,
inhibited regeneration
a: Renounce Religion, Heroism, Finesse, Duel


You were on level 1 of the Lair of Beasts.
You worshipped Okawaru.
Okawaru was extremely pleased with you.
You visited 3 branches of the dungeon, and saw 15 of its levels.

You collected 626 gold pieces.
You spent 254 gold pieces at shops.


Innate Abilities, Weirdness & Mutations

You are very small and have problems with some larger weapons.
You are too small for most types of armour.
You have supernaturally acute eyesight. (SInv)
You cover ground extremely quickly. (Speed+++)
You are partially covered in iridescent scales. (AC +2)
Your flesh is heat resistant. (rF+)
You are highly strong-willed. (Will++)
Your system is resistant to poisons. (rPois)
You do not regenerate when monsters are visible.


   Skills:
 + Level 5.3 Fighting
 - Level 14.0 Ranged Weapons
 - Level 1.0 Armour
 - Level 13.0 Dodging
 - Level 1.5 Stealth
 - Level 10.0 Invocations


You had 11 spell levels left.
You didn't know any spells.
Your spell library was empty.

Inventory:

Hand Weapons
 p - a +0 heavy arbalest (weapon)
Armour
 b - a +0 troll leather armour (worn)
 c - the +1 robe of Zin's Wrath {rCorr Str+4 Int-2 Dex+3}
   (You found it on level 10 of the Dungeon)

   Str+4:     It affects your strength (+4).
   Int-2:     It affects your intelligence (-2).
   Dex+3:     It affects your dexterity (+3).
   rCorr:     It protects you from acid and corrosion.
 s - a +2 cloak (worn)
Jewellery
 d - a ring of resist corrosion (left hand)
 l - an amulet of reflection (around neck)
 m - a ring of protection from fire
 q - the ring of Sloth {rPois rF++ Str-3 Dex-5 SInv}
   (You found it on level 8 of the Dungeon)

   [ring of poison resistance]

   Str-3:     It affects your strength (-3).
   Dex-5:     It affects your dexterity (-5).
   rF++:      It greatly protects you from fire.
   rPois:     It protects you from poison SInv: It lets you see invisible.
 t - a ring of protection from fire (right hand)
Wands
 a - a wand of roots (17)
 o - a wand of polymorph (11)
Scrolls
 g - 2 scrolls of identify
 k - a scroll of teleportation
 w - 2 scrolls of brand weapon
Potions
 e - a potion of resistance
 f - 4 potions of might
 h - 5 potions of curing
 i - 3 potions of enlightenment
 j - 2 potions of haste

Dungeon Overview and Level Annotations

Branches:
Dungeon (13/15)            Temple (1/1) D:5            Lair (1/5) D:11
    Orc (0/2) D:10
 Vaults: D:13-14

Altars:
Ashenzari
Cheibriados
Dithmenos
Elyvilon
Fedhas
Gozag
Hepliaklqana
Kikubaaqudgha
Makhleb
Nemelex Xobeh
Okawaru
Qazlal
Ru
Sif Muna
Trog
Uskayaw
Vehumet
Wu Jian
Xom
Yredelemnul
Zin
The Shining One
Lugonu

Shops:
D:9 ![   D:10 [

Portals:
Bailey: D:7


Message History

You start resting.
Your hands slow down.
HP restored.
You now have 372 gold pieces (gained 17).
You open the door.
Found a scroll of fear.
There is an open door here.
m - a ring of protection from fire You open the door.
Found a stone staircase leading down.
There is an open door here.
Found 2 boomerangs.
The komodo dragon hisses angrily.
The komodo dragon bites the plant!!
The plant begins to die.
The komodo dragon bites the plant.
Enter note: You open the door.
You shoot a bolt.
The bolt closely misses the komodo dragon.
The komodo dragon completely misses you. x2
You shoot a bolt. The bolt hits the komodo dragon.
The komodo dragon is lightly wounded.
A nearby plant withers and dies.
The komodo dragon closely misses you.
The komodo dragon completely misses you.
You shoot a bolt.
The bolt hits the komodo dragon but does no damage.
The komodo dragon is lightly wounded.
The komodo dragon bites you! The komodo dragon bites you!!
Ouch! That really hurt!
You shoot a bolt. The bolt hits the komodo dragon!
The komodo dragon is moderately wounded.
The komodo dragon closely misses you. The komodo dragon barely misses you.
You shoot a bolt.
The bolt barely misses the komodo dragon.
The komodo dragon completely misses you.
The komodo dragon closely misses you.
You shoot a bolt. The bolt hits the komodo dragon!
The komodo dragon is severely wounded.
The komodo dragon bites you!!
You die...

##.##..####.#
###...# ####.### #
#....# #. #.###.#
#+.# ##'##.####
..... ###.........
......###.'.........
...>...@..#.........
......l.###.........
......### ####..+##.
#.##.# ##?# ( ## .#
#


You could see a komodo dragon.

Vanquished Creatures
  A catoblepas (Lair:1)
  A hydra (D:13)
  A boulder beetle (D:11)
  3 death yaks (D:11)
  A two-headed ogre (D:8)
  A cyclops (D:13)
  A manticore (D:12)
  2 ugly things
  Joseph (D:8)
  A black mamba (Lair:1)
  A cane toad (Lair:1)
  A kobold demonologist (D:10)
  2 unseen horrors
  An unseen horror zombie (D:8)
  A rime drake (Lair:1)
  An unseen horror skeleton (D:8)
  A komodo dragon (Lair:1)
  A polar bear (D:8)
  3 trolls
  2 vampires
  4 yaks (D:10)
  2 slime creatures (D:12)
  Sigmund (D:5)
  5 wraiths
  A wyvern (D:10)
  An unseen horror simulacrum (D:8)
  2 steam dragons
  2 vampire mosquitoes (D:12)
  3 acid dragons
  2 water moccasins (D:7)
  3 ice beasts
  5 orc warriors
  2 black bears (D:4)
  3 ogres
  2 wolves (D:8)
  3 centaurs
  10 kobold brigands
  2 phantoms
  A bullfrog (D:8)
  A wyvern zombie (D:8)
  4 scorpions
  2 gnoll sergeants
  A burial acolyte (D:8)
  11 wights
  A wyvern skeleton (D:8)
  9 killer bees (D:9)
  2 bombardier beetles
  An electric eel (D:8)
  10 howler monkeys
  2 jellies (D:5)
  A centaur zombie (D:8)
  6 orc priests
  4 hounds
  A human zombie (D:8)
  Ijyb (D:5)
  An iguana (D:6)
  2 sleepcaps
  3 hell rats (D:11)
  13 orc wizards
  A killer bee zombie (D:8)
  A howler monkey zombie (D:8)
  A killer bee simulacrum (D:8)
  12 gnolls
  3 river rats (D:11)
  10 adders
  A howler monkey simulacrum (D:8)
  8 white imps
  2 ufetubi (D:5)
  A ribbon worm (D:5)
  A dart slug (D:2)
  39 orcs
  5 ball pythons
  A bat (D:1)
  6 endoplasms
  A giant cockroach (D:2)
  13 goblins
  4 hobgoblins
  A jackal (D:5)
  6 quokkas
  4 frilled lizards
  15 kobolds
  5 rats
298 creatures vanquished.

Vanquished Creatures (others)
  An orc (D:10)
1 creature vanquished.

Grand Total: 299 creatures vanquished

Notes
Turn   | Place    | Note
-------+----------+-------------------------------------------
     0 | D:1      | qw the Spriggan Hunter began the quest for the Orb.
     0 | D:1      | Reached XP level 1. HP: 10/10 MP: 2/2
     0 | D:1      | 0 ||| qw: Version: 0.3-a-158-g18b3111
     0 | D:1      | 0 ||| qw: Game counter: 4138
     0 | D:1      | 0 ||| qw: Melee chars always use a shield: true
     0 | D:1      | 0 ||| qw: God list: Okawaru
     0 | D:1      | 0 ||| qw: Allow faded altars: false
     0 | D:1      | 0 ||| qw: Do Orc after clearing Dungeon:15 true
     0 | D:1      | 0 ||| qw: Do second Lair branch before Depths: true
     0 | D:1      | 0 ||| qw: Lair rune preference: random
     0 | D:1      | 0 ||| qw: Goals: Normal
     0 | D:1      | 0 ||| PLANNING D:1-11
    20 | D:1      | Noticed a glass eye
    37 | D:1      | Reached skill level 3 in Dodging
    95 | D:1      | Reached XP level 2. HP: 14/14 MP: 3/3
   263 | D:1      | Reached XP level 3. HP: 18/18 MP: 4/4
   402 | D:1      | Noticed a golden eye
   404 | D:1      | Found a faded altar of an unknown god.
   406 | D:1      | Noticed a glass eye
   406 | D:1      | Noticed a glass eye
   533 | D:1      | 533 ||| UPGRADING to amulet of regeneration.
   538 | D:1      | 538 ||| DROPPING ring of magical power.
   539 | D:1      | 539 ||| READING 2 scrolls labelled TOSEEL HECICK.
   539 | D:1      | 539 ||| IDENTIFYING viscous inky potion
   540 | D:1      | 540 ||| READING scroll of identify.
   540 | D:1      | 540 ||| IDENTIFYING murky red potion
   541 | D:1      | 541 ||| READING scroll labelled YSACWU MILOP.
   546 | D:1      | 546 ||| DROPPING scroll of butterflies.
   687 | D:2      | 687 ||| FLEEEEING.
   688 | D:2      | 688 ||| FLEEEEING.
   689 | D:2      | 689 ||| FLEEEEING.
   691 | D:2      | 691 ||| FLEEEEING.
   692 | D:2      | 692 ||| FLEEEEING.
   696 | D:2      | 696 ||| FLEEEEING.
  1172 | D:2      | Reached skill level 5 in Ranged Weapons
  1172 | D:2      | Reached XP level 4. HP: 22/22 MP: 5/5
  1361 | D:2      | 1361 ||| UPGRADING to ring of resist corrosion.
  1362 | D:2      | 1362 ||| READING 2 scrolls of identify.
  1362 | D:2      | 1362 ||| IDENTIFYING ruby potion
  1363 | D:2      | 1363 ||| READING scroll of identify.
  1363 | D:2      | 1363 ||| IDENTIFYING fuming golden potion
  1364 | D:2      | 1364 ||| READING 2 scrolls labelled GIRUPE PAUNEUN.
  1365 | D:2      | 1365 ||| READING scroll labelled KOPIYN RAPNU.
  1365 | D:2      | Identified a scroll of acquirement
  1365 | D:2      | 1365 ||| ACQUIRING +0 shortbow of electrocution
  1365 | D:2      | Acquired a +0 shortbow of electrocution
  1367 | D:2      | 1367 ||| SWAPPING to +0 shortbow of electrocution.
  1368 | D:2      | 1368 ||| DROPPING +0 shortbow.
  1369 | D:2      | 1369 ||| DRINKING 2 clear potions.
  1370 | D:2      | 1370 ||| DROPPING potion of magic.
  1371 | D:2      | 1371 ||| DROPPING potion of berserk rage.
  1372 | D:2      | 1372 ||| DROPPING scroll of poison.
  1374 | D:2      | 1374 ||| Stepping ~*~*~tactically~*~*~ (cloud).
  1455 | D:3      | Found a stormy altar of Qazlal.
  1490 | D:3      | Found a radiant altar of Vehumet.
  1899 | D:3      | 1899 ||| READING scroll labelled WAYSY ZEL QIA.
  1922 | D:4      | Reached XP level 5. HP: 26/26 MP: 6/6
  1927 | D:4      | Noticed a black bear
  1936 | D:4      | Killed a black bear
  1937 | D:4      | Reached skill level 6 in Ranged Weapons
  1937 | D:4      | Reached XP level 6. HP: 25/30 MP: 7/7
  1948 | D:4      | Found a bloodstained altar of Trog.
  1995 | D:4      | Reached skill level 6 in Dodging
  2069 | D:4      | Reached XP level 7. HP: 35/35 MP: 8/8
  2094 | D:4      | Reached skill level 7 in Ranged Weapons
  2434 | D:4      | 2434 ||| READING scroll of identify.
  2434 | D:4      | 2434 ||| IDENTIFYING bubbling clear potion
  2435 | D:4      | 2435 ||| DRINKING 5 fizzy inky potions.
  2446 | D:5      | Entered Level 5 of the Dungeon
  2509 | D:5      | 2509 ||| FLEEEEING.
  2510 | D:5      | 2510 ||| FLEEEEING.
  2511 | D:5      | 2511 ||| FLEEEEING.
  2512 | D:5      | 2512 ||| FLEEEEING.
  2514 | D:5      | 2514 ||| FLEEEEING.
  2515 | D:5      | 2515 ||| FLEEEEING.
  2517 | D:5      | 2517 ||| FLEEEEING.
  2518 | D:5      | 2518 ||| FLEEEEING.
  2595 | D:5      | Reached skill level 8 in Ranged Weapons
  2613 | D:5      | Noticed Ijyb
  2621 | D:5      | Killed Ijyb
  2799 | D:5      | Reached XP level 8. HP: 37/39 MP: 9/9
  2937 | D:5      | 2937 ||| SWAPPING to +0 arbalest.
  2941 | D:5      | 2941 ||| DROPPING +0 shortbow of electrocution.
  3017 | D:5      | Reached skill level 3 in Fighting
  3123 | D:5      | Noticed Sigmund
  3130 | D:5      | Killed Sigmund
  3164 | D:5      | Found a staircase to the Ecumenical Temple.
  3165 | D:5      | 3165 ||| PLANNING TEMPLE
  3165 | D:5      | 3165 ||| READING scroll labelled BAH XUFFOFROE.
  3171 | Temple   | Entered the Ecumenical Temple
  3172 | Temple   | 3172 ||| PLANNING OKAWARU WORSHIP
  3176 | Temple   | Became a worshipper of Warmaster Okawaru
  3177 | Temple   | 3177 ||| PLANNING D:1-11
  3397 | D:6      | Reached skill level 9 in Ranged Weapons
  3441 | D:6      | Found a blossoming altar of Fedhas.
  3558 | D:6      | Reached skill level 9 in Dodging
  3593 | D:6      | Found a broken altar of Ashenzari.
  3768 | D:6      | Reached * piety under Okawaru
  3778 | D:6      | Reached skill level 10 in Ranged Weapons
  3778 | D:6      | Reached skill level 1 in Invocations
  3778 | D:6      | Reached XP level 9. HP: 44/44 MP: 10/10
  3805 | D:6      | 3805 ||| UPGRADING to ring of protection from fire.
  3806 | D:6      | 3806 ||| READING scroll of identify.
  3806 | D:6      | 3806 ||| IDENTIFYING blue potion
  3807 | D:6      | 3807 ||| READING scroll labelled WETINU DERIUSO.
  3807 | D:6      | 3807 ||| ENCHANTING +0 robe.
  3808 | D:6      | 3808 ||| READING scroll labelled SUNU HUUMEROWK.
  3808 | D:6      | 3808 ||| BRANDING +0 arbalest.
  3809 | D:6      | 3809 ||| DROPPING potion of invisibility.
  4004 | D:7      | Reached skill level 3 in Invocations
  4037 | D:7      | 4037 ||| RETREEEEATING.
  4038 | D:7      | 4038 ||| RETREEEEATING.
  4040 | D:7      | Reached ** piety under Okawaru
  4051 | D:7      | HP: 9/44 [water moccasin (3)]
  4052 | D:7      | 4052 ||| READING 4 scrolls of teleportation.
  4053 | D:7      | 4053 ||| DRINKING 2 potions of heal wounds.
  4196 | D:7      | Found a flagged portal.
  4387 | D:7      | Found a glowing silver altar of Zin.
  4615 | D:7      | 4615 ||| READING 2 scrolls labelled YVAJUS LEINT.
  4634 | D:7      | 4634 ||| DROPPING scroll of torment.
  4764 | D:8      | Identified the ring of Sloth {rPois rF++ Str-3 Dex-5 SInv}
  4781 | D:8      | Found a shimmering blue altar of Sif Muna.
  4781 | D:8      | Noticed a two-headed ogre
  4782 | D:8      | 4782 ||| INVOKING Heroism.
  4786 | D:8      | Killed a two-headed ogre
  4788 | D:8      | Reached *** piety under Okawaru
  4817 | D:8      | Reached XP level 10. HP: 50/50 MP: 14/14
  4887 | D:8      | 4887 ||| READING 3 scrolls of brand weapon.
  4887 | D:8      | 4887 ||| BRANDING +0 arbalest of draining.
  4937 | D:8      | 4937 ||| INVOKING Heroism.
  5088 | D:8      | Reached skill level 11 in Ranged Weapons
  5158 | D:8      | Reached skill level 12 in Dodging
  5194 | D:8      | Found an ancient bone altar of Kikubaaqudgha.
  5216 | D:8      | Reached **** piety under Okawaru
  5305 | D:8      | Noticed Joseph
  5306 | D:8      | 5306 ||| INVOKING Finesse.
  5313 | D:8      | Killed Joseph
  5314 | D:8      | Reached skill level 12 in Ranged Weapons
  5441 | D:8      | 5441 ||| READING scroll of identify.
  5441 | D:8      | 5441 ||| IDENTIFYING grey potion
  5442 | D:8      | 5442 ||| READING scroll labelled EJYSKE KOKHUF.
  5443 | D:8      | 5443 ||| DRINKING 2 emerald potions.
  5444 | D:8      | 5444 ||| DRINKING 5 potions of curing.
  5444 | D:8      | 5444 ||| (to cure confusion)
  5445 | D:8      | 5445 ||| DROPPING potion of attraction.
  5446 | D:8      | 5446 ||| DROPPING potion of ambrosia.
  5648 | D:9      | Found Roomoy's Armour Boutique.
  5656 | D:9      | 5656 ||| BUYING +0 cloak (58 gold).
  5656 | D:9      | Bought a +0 cloak for 58 gold pieces
  5677 | D:9      | 5677 ||| INVOKING Finesse.
  5836 | D:9      | Found a sacrificial altar of Ru.
  5877 | D:9      | HP: 12/51 [killer bee (1)]
  5878 | D:9      | 5878 ||| READING 5 scrolls of teleportation.
  5881 | D:9      | 5881 ||| DRINKING potion of heal wounds.
  6069 | D:9      | Found Yrphyw's Distillery.
  6076 | D:9      | 6076 ||| BUYING potion of haste (140 gold).
  6076 | D:9      | Bought a potion of haste for 140 gold pieces
  6076 | D:9      | 6076 ||| BUYING potion of might (56 gold).
  6076 | D:9      | Bought a potion of might for 56 gold pieces
  6076 | D:9      | 6076 ||| SHOPLISTING potion of mutation (112 gold, have
                  | 67).
  6254 | D:9      | 6254 ||| UPGRADING to +0 troll leather armour.
  6264 | D:9      | 6264 ||| DROPPING +1 robe.
  6265 | D:9      | 6265 ||| UPGRADING to +0 cloak.
  6270 | D:9      | 6270 ||| READING 2 scrolls of enchant armour.
  6270 | D:9      | 6270 ||| ENCHANTING +0 cloak.
  6271 | D:9      | 6271 ||| READING scroll of enchant armour.
  6271 | D:9      | 6271 ||| ENCHANTING +1 cloak.
  6272 | D:9      | 6272 ||| READING scroll of identify.
  6272 | D:9      | 6272 ||| IDENTIFYING fuming coppery potion
  6273 | D:9      | 6273 ||| READING scroll labelled FOBA VEUNTUEPT.
  6274 | D:9      | 6274 ||| READING scroll labelled XYDODY PYABY.
  6275 | D:9      | 6275 ||| DRINKING 3 murky coppery potions.
  6275 | D:9      | Gained mutation: Your flesh is heat resistant. (rF+)
                  | [potion of mutation]
  6275 | D:9      | Gained mutation: Your system is resistant to poisons.
                  | (rPois) [potion of mutation]
  6275 | D:9      | Gained mutation: You are frail. (-10% HP) [potion of
                  | mutation]
  6275 | D:9      | Gained mutation: You possess an exceptional clarity of
                  | mind. [potion of mutation]
  6276 | D:9      | 6276 ||| DRINKING 2 potions of mutation.
  6276 | D:9      | Lost mutation: You possess an exceptional clarity of mind.
                  | [potion of mutation]
  6276 | D:9      | Lost mutation: You are frail. (-10% HP) [potion of
                  | mutation]
  6276 | D:9      | Gained mutation: You do not regenerate when monsters are
                  | visible. [potion of mutation]
  6276 | D:9      | Gained mutation: You are strong-willed. (Will+) [potion of
                  | mutation]
  6276 | D:9      | Gained mutation: You have large cloven feet. [potion of
                  | mutation]
  6280 | D:9      | 6280 ||| DRINKING potion of mutation.
  6280 | D:9      | Lost mutation: You have large cloven feet. [potion of
                  | mutation]
  6280 | D:9      | Lost mutation: Your system is resistant to poisons. (rPois)
                  | [potion of mutation]
  6280 | D:9      | Gained mutation: You are highly strong-willed. (Will++)
                  | [potion of mutation]
  6280 | D:9      | Gained mutation: Your system is resistant to poisons.
                  | (rPois) [potion of mutation]
  6280 | D:9      | Gained mutation: You are partially covered in iridescent
                  | scales. (AC +2) [potion of mutation]
  6281 | D:9      | 6281 ||| DROPPING potion of degeneration.
  6316 | D:10     | Entered Level 10 of the Dungeon
  6370 | D:10     | Identified the +1 robe of Zin's Wrath {rCorr Str+4 Int-2
                  | Dex+3}
  6491 | D:10     | Found a staircase to the Orcish Mines.
  6578 | D:10     | Found a hide-covered altar of Uskayaw.
  6582 | D:10     | Reached skill level 1 in Armour
  6588 | D:10     | Found an opulent altar of Gozag.
  6591 | D:10     | Found a shimmering altar of Xom.
  6591 | D:10     | Found a shadowy altar of Dithmenos.
  6598 | D:10     | Found a burning altar of Makhleb.
  6643 | D:10     | Reached XP level 11. HP: 55/55 MP: 16/16
  6893 | D:10     | Reached skill level 6 in Invocations
  6940 | D:10     | Found Qiuhapp's Antique Armour Boutique.
  6947 | D:10     | 6947 ||| SHOPLISTING jewelled hat (225 gold, have 159).
  7002 | D:10     | Reached ***** piety under Okawaru
  7136 | D:10     | 7136 ||| READING scroll of identify.
  7136 | D:10     | 7136 ||| IDENTIFYING lumpy black potion
  7137 | D:10     | 7137 ||| DROPPING potion of brilliance.
  7296 | D:11     | You fall into a shaft and drop 2 floors!
  7312 | D:13     | Noticed a seven-headed hydra
  7313 | D:13     | 7313 ||| INVOKING Finesse.
  7316 | D:13     | Killed a seven-headed hydra
  7400 | D:13     | Reached skill level 13 in Ranged Weapons
  7404 | D:13     | 7404 ||| INVOKING Finesse.
  7433 | D:13     | 7433 ||| UPGRADING to amulet of reflection.
  7444 | D:13     | 7444 ||| DROPPING amulet of regeneration.
  7461 | D:12     | Noticed a red ugly thing
  7462 | D:12     | 7462 ||| INVOKING Finesse.
  7465 | D:12     | Killed a red ugly thing
  7513 | D:12     | 7513 ||| RETREEEEATING.
  7514 | D:12     | 7514 ||| RETREEEEATING.
  7515 | D:12     | 7515 ||| RETREEEEATING.
  7663 | D:12     | 7663 ||| RETREEEEATING.
  7664 | D:12     | 7664 ||| RETREEEEATING.
  7666 | D:12     | 7666 ||| RETREEEEATING.
  7668 | D:12     | 7668 ||| RETREEEEATING.
  7671 | D:12     | 7671 ||| RETREEEEATING.
  7672 | D:12     | 7672 ||| RETREEEEATING.
  7673 | D:12     | 7673 ||| RETREEEEATING.
  7674 | D:12     | 7674 ||| RETREEEEATING.
  7677 | D:12     | 7677 ||| READING 4 scrolls of teleportation.
  7679 | D:12     | 7679 ||| RETREEEEATING.
  7680 | D:12     | 7680 ||| RETREEEEATING.
  7681 | D:12     | Found a corrupted altar of Lugonu.
  7702 | D:12     | 7702 ||| READING scroll of identify.
  7702 | D:12     | 7702 ||| IDENTIFYING coppery potion
  7703 | D:12     | 7703 ||| DROPPING potion of lignification.
  7996 | D:11     | Noticed a boulder beetle
  7997 | D:11     | 7997 ||| INVOKING Finesse.
  8047 | D:11     | Noticed a death yak
  8048 | D:11     | 8048 ||| INVOKING Finesse.
  8053 | D:11     | 8053 ||| RETREEEEATING.
  8054 | D:11     | 8054 ||| RETREEEEATING.
  8059 | D:11     | Killed a death yak
  8074 | D:11     | Killed a boulder beetle
  8107 | D:11     | Noticed a death yak
  8107 | D:11     | Noticed a death yak
  8108 | D:11     | 8108 ||| INVOKING Finesse.
  8116 | D:11     | Killed a death yak
  8117 | D:11     | Reached skill level 9 in Invocations
  8122 | D:11     | Killed a death yak
  8123 | D:11     | Reached XP level 12. HP: 56/60 MP: 15/19
  8151 | D:11     | Found a staircase to the Lair.
  8494 | D:11     | 8494 ||| PLANNING LAIR
  8518 | Lair:1   | Entered Level 1 of the Lair of Beasts
  8548 | Lair:1   | Noticed a catoblepas
  8549 | Lair:1   | 8549 ||| INVOKING Finesse.
  8552 | Lair:1   | 8552 ||| Stepping ~*~*~tactically~*~*~ (cloud).
  8571 | Lair:1   | 8571 ||| Stepping ~*~*~tactically~*~*~ (cloud).
  8571 | Lair:1   | HP: 2/60 [catoblepas (17)]
  8572 | Lair:1   | 8572 ||| READING 3 scrolls of teleportation.
  8573 | Lair:1   | Killed a catoblepas
  8573 | Lair:1   | Received a gift from Okawaru
  8574 | Lair:1   | Reached skill level 14 in Ranged Weapons
  8582 | Lair:1   | 8582 ||| READING 2 scrolls of teleportation.
  8672 | Lair:1   | Mangled by a komodo dragon

Levels and vault maps discovered:
D:1:      minmay_arrival_shattered_statue, layout_basic,
          hellmonk_ecumenical_altar_watching_god, nicolae_the_louvre
D:2:      layout_loops_corners, chequers_serial_rivers_micro_a
D:3:      layout_basic, lemuel_crystal_altar, mainiacjoe_overflow_cross_hatched
D:4:      layout_rooms, trog_ov_bears_minmay, minmay_crystal_room, dk_vineyard_3
D:5:      minmay_inner_zag, layout_basic, minmay_temple_entry_fiery,
          uniq_sigmund, uniq_ijyb
D:6:      layout_basic, evilmike_ruin_ashenzari, fedhas_altar_4
D:7:      layout_loops_ring, zin_statuary, enter_bailey_3
D:8:      layout_rooms, lemuel_mausoleum_altar_kikubaaqudgha,
          hellmonk_sif_muna_bookshelves, serial_ice, serial_ice_a, serial_ice_n,
          serial_ice_l, serial_ice_b, serial_ice_d, serial_ice_m,
          nicolae_elevator_lobby_asterisk, uniq_joseph
D:9:      layout_gridville, mainiacjoe_overflow_concentric_impassable,
          serial_shops, shop, shop
D:10:     layout_roguey, nicolae_overflow_hallway_of_the_gods, david_orc_2,
          serial_shops, shop, special_room [special_room_kobold],
          dk_noncrumbling_2
D:11:     layout_basic, dpeg_lair_monsters, grunt_ministairs_5,
          fungi_pond_lemuel, nicolae_twisting_strands, minmay_tree_intersection
D:12:     layout_loops_cross, chequers_serial_rivers_micro_e, tgw_lugonu_bribe
D:13:     layout_cave_pools, nicolae_hepliaklqana_hazy_memory, uniq_sonja
Temple:   hellmonk_temple_of_storms
Lair:1:   layout_roguey

Skill      XL: |  1  2  3  4  5  6  7  8  9 10 11 12 |
---------------+-------------------------------------+-----
Dodging        | 3 4 5 6 8 9 11 12 13 | 13.0
Ranged Weapons | 5 6 8 10 12 13 14 | 14.0
Fighting       | 2 3 4 5 |  5.3
Invocations    | 1 4 5 9 10 | 10.0
Armour         | 1 |  1.0
Stealth        | |  1.5

Action                     |  1- 3 |  4- 6 |  7- 9 | 10-12 || total
---------------------------+-------+-------+-------+-------++-------
   Fire: Shortbow          |    86 |    81 |   112 |       ||   279
         Arbalest          |       |       |   189 |   370 ||   559
 Invoke: Heroism           |       |       |     1 |     1 ||     2
         Finesse           |       |       |       |     9 ||     9
    Use: Scroll            |     3 |     5 |     7 |    14 ||    29
         Potion            |       |     1 |     2 |     6 ||     9
 Armour: Robe              |     6 |     8 |    35 |    53 ||   102
         Troll leather arm |       |       |       |    48 ||    48
  Dodge: Dodged            |    15 |    19 |   112 |   525 ||   671
  Block: Other             |       |       |       |    11 ||    11

Table legend:
 A = Non-vault XP
 B = Vault XP
 C = Vault XP percentage of total XP
 D = Non-vault monster count
 E = Vault monster count
 F = Vault count percentage of total count
                 A         B        C        D         E       F
            +---------+---------+-------+---------+---------+-------
      Total |   18602 |    7611 |  29.0 |     227 |      71 |  23.8
            +---------+---------+-------+---------+---------+-------
        D:1 |      43 |       0 |   0.0 |      17 |       0 |   0.0
        D:2 |      81 |       0 |   0.0 |      19 |       0 |   0.0
        D:3 |      12 |       0 |   0.0 |       8 |       0 |   0.0
        D:4 |     523 |     264 |  33.5 |      25 |       2 |   7.4
        D:5 |     665 |     376 |  36.1 |      20 |       5 |  20.0
        D:6 |     978 |       0 |   0.0 |      19 |       0 |   0.0
        D:7 |    1159 |       8 |   0.7 |      23 |       4 |  14.8
        D:8 |    1874 |    2687 |  58.9 |      24 |      23 |  48.9
        D:9 |    1619 |       0 |   0.0 |      25 |       0 |   0.0
       D:10 |    2278 |    1322 |  36.7 |      10 |      21 |  67.7
       D:11 |    2930 |    2954 |  50.2 |      16 |      16 |  50.0
       D:12 |    1960 |       0 |   0.0 |       8 |       0 |   0.0
       D:13 |    2035 |       0 |   0.0 |       8 |       0 |   0.0
     Lair:1 |    2445 |       0 |   0.0 |       5 |       0 |   0.0
            +---------+---------+-------+---------+---------+-------
